 Dungeon Crawl Stone Soup version 0.29-a0-330-g52719c12eb (webtiles) character file.

Game seed: 236856233937034372

109 Crownlay the Digger (level 4, -2/27 HPs)
             Began as an Octopode Earth Elementalist on May 25, 2022.
             Slain by a goblin
             ... wielding a +0 dagger
             ... led by Robin
              (4 damage)
             ... on level 3 of the Dungeon.
             The game lasted 00:05:16 (2884 turns).

Crownlay the Digger (Octopode Earth Elementalist)   Turns: 2884, Time: 00:05:16

Health: -2/27      AC:  1    Str:  7    XL:     4   Next: 90%
Magic:  8/8        EV: 13    Int: 19    God:
Gold:   54         SH:  0    Dex: 12    Spells: 8/9 levels left

rFire   . . .      SeeInvis .   s - +0 dagger (venom)
rCold   + . .      Faith    .   (no shield)
rNeg    + . .      Spirit   .   (helmet restricted)
rPois   .          Reflect  .   (no amulet)
rElec   .          Harm     .   e - ring of protection from cold
rCorr   .          Rampage  .   f - ring of positive energy
Will    .....                   (no ring)
Stlth   +++.......              (no ring)
HPRegen 0.09/turn               (no ring)
MPRegen 0.11/turn               (no ring)
                                (no ring)
                                (no ring)

@: no status effects
A: almost no armour, amphibious, 8 rings, camouflage 1, gelatinous body 1,
(nimble swimmer 1), tentacles
a: no special abilities


You were on level 3 of the Dungeon.
You visited 1 branch of the dungeon, and saw 3 of its levels.

You collected 144 gold pieces.
You spent 90 gold pieces at shops.

Inventory:

Hand Weapons
 s - a +0 dagger of venom (weapon)
Missiles
 a - 33 stones
Magical Staves
 k - a staff of death
Jewellery
 e - a ring of protection from cold (left tentacle)
 f - a ring of positive energy (right tentacle)
Wands
 p - a wand of flame (2)
Scrolls
 c - a scroll of teleportation {unknown}
 d - a scroll of identify
 h - a scroll of enchant armour
 i - a scroll of amnesia
 j - a scroll of vulnerability {unknown}
 m - a scroll of magic mapping
Potions
 b - 2 potions of magic
 g - a potion of heal wounds {unknown}
 l - 2 potions of berserk rage {unknown}
 n - a potion of curing {unknown}
 o - a potion of attraction {unknown}
 q - a potion of haste {unknown}
 r - a potion of mutation {unknown}


   Skills:
 - Level 2.0 Dodging
 - Level 2.6 Stealth
 + Level 3.0 Spellcasting
 - Level 1.0 Transmutations
 * Level 4.7 Earth Magic


You had 8 spell levels left.
You knew the following spells:

 Your Spells              Type           Power      Damage    Failure   Level
a - Sandblast             Erth           42%        2d11      2%          1

Your spell library contained the following spells:

 Spells                   Type           Power      Damage    Failure   Level
 Passwall                 Tmut/Erth      10%        N/A       7%          2
 Stone Arrow              Conj/Erth      22%        3d8       17%         3
 Gell's Gravitas          Tloc           2%         N/A       41%         3
 Lesser Beckoning         Tloc           2%         N/A       41%         3
 Teleport Other           Tloc           2%         N/A       41%         3
 Petrify                  Tmut/Erth      13%        N/A       43%         4


Dungeon Overview and Level Annotations

Branches:
Dungeon (3/15)

Altars:

Shops:
D:2 *

Annotations:
D:3 Robin


Innate Abilities, Weirdness & Mutations

You cannot wear most types of armour.
You are amphibious.
You can wear up to eight rings at the same time.
Your skin changes colour to match your surroundings (Stealth+).
Your rubbery body absorbs attacks. (AC +1, EV +1)
((You are camouflaged when in or above water. (Stealth+)))
You have tentacles for arms and can constrict up to eight enemies at once.


Message History

The goblin hits you with a +0 dagger.
The kobold throws a stone.
The stone closely misses you.
A goblin comes into view. It is wielding a +0 club.
The goblin shouts!
The hobgoblin shouts!
The goblin shouts! x2
You hit the goblin.
You kill the goblin!
The bat misses you. Robin throws the goblin at you!
The goblin hits you with a +0 club.
The kobold throws a stone.
The stone misses you.
You hit the hobgoblin but do no damage.
The hobgoblin is poisoned.
Your grab misses the hobgoblin. Your squeeze misses the hobgoblin.
The bat closely misses you. Robin throws the goblin at you!
The goblin closely misses you. The goblin misses you.
The goblin hits you with a +0 dagger. The hobgoblin barely misses you.
You completely miss the hobgoblin. Your grab misses the hobgoblin.
You squeeze the hobgoblin.
You kill the hobgoblin!
The bat hits you but does no damage. The goblin hits you with a +0 club.
The goblin closely misses you.
Okay, then.
Okay, then.
The goblin attacks as you move away! The goblin hits you with a +0 dagger.
The goblin attacks as you move away! The goblin hits you with a +0 dagger.
You see here a +0 dagger.
The goblin attacks as you move away! The goblin hits you with a +0 club.
* * * LOW HITPOINT WARNING * * *
The goblin attacks as you move away! The goblin barely misses you.
The goblin misses you. The goblin attacks as you move away!
The goblin closely misses you.
Robin roars a battlecry!
The goblins go into a battle-frenzy!
The kobold throws a stone.
The stone barely misses you. The goblin hits you with a +0 club.
* * * LOW HITPOINT WARNING * * *
The goblin attacks as you move away! The goblin closely misses you.
The goblin attacks as you move away! The goblin misses you.
Robin says, "My goblins will feast on your bones."
The goblin attacks as you move away! The goblin closely misses you.
The goblin attacks as you move away! The goblin hits you with a +0 dagger.
You die...

##........#................
.#....)...#.................
.#........#.......g........!
.#.†......#....K..)........g
.##......##...(ggg..........<
..##†...##.....ggb...#..(....
#..#.########..#g##.##.......
##.............#g##..........
#####.####....##@.....##.....
#....<.........##......#
#####).##.##.......#.....
##...###[##.###.......##
#.)### #.#..###.........
.#####)######................
.....[...........##.....#####
.#....#####...##...........#
..................)........#


You could see Robin, a hobgoblin (strong), 6 goblins, a bat and a kobold.

Vanquished Creatures
  A gnoll (D:1)
  2 adders
  A white imp (D:3)
  A dart slug (D:1)
  5 orcs (D:3)
  5 ball pythons
  5 bats
  An endoplasm (D:1)
  12 giant cockroaches
  7 goblins
  5 hobgoblins
  5 kobolds
  3 quokkas
  7 rats
60 creatures vanquished.

Notes
Turn   | Place    | Note
-------+----------+-------------------------------------------
     0 | D:1      | Crownlay the Octopode Earth Elementalist began the quest
                  | for the Orb.
     0 | D:1      | Reached XP level 1. HP: 11/11 MP: 3/3
     6 | D:1      | Noticed an iguana
     6 | D:1      | Noticed a ragged hierophant
     7 | D:1      | Noticed a fire giant
   348 | D:1      | Reached XP level 2. HP: 12/17 MP: 5/5
   451 | D:1      | You fall into a shaft and drop 1 floor!
   776 | D:1      | Reached XP level 3. HP: 21/21 MP: 4/6
   886 | D:1      | Reached skill level 4 in Earth Magic
  1107 | D:1      | Found a faded altar of an unknown god.
  1722 | D:2      | Found Otselur's General Store.
  1734 | D:2      | Bought a scroll of magic mapping for 45 gold pieces
  1734 | D:2      | Bought a scroll of immolation for 45 gold pieces
  2100 | D:3      | Reached XP level 4. HP: 25/27 MP: 8/8
  2873 | D:3      | Noticed Robin
  2884 | D:3      | Slain by a goblin

Illustrated notes

Levels and vault maps discovered:
D:1:      onia_arrival_zoo_common, layout_basic,
          dreamdust_ecumenical_altar_sealed_demon
D:2:      layout_loops_ring, serial_shops, shop, minmay_misc_feat_alley,
          minmay_between
D:3:      minmay_roachtagon, layout_rooms, uniq_robin

Skill      XL: |  1  2  3  4 |
---------------+-------------+-----
Earth Magic    | 4 |  4.7
Spellcasting   | 3 |  3.0
Dodging        | |  2.0
Stealth        | |  2.6
Transmutations | |  1.0

Action                   |  1- 3 |  4- 6 || total
-------------------------+-------+-------++-------
Melee: Dagger            |    22 |    21 ||    43
       Unarmed           |     8 |       ||     8
       Constrict         |    10 |     5 ||    15
       Tentacles         |     7 |     6 ||    13
 Cast: Sandblast         |    29 |    27 ||    56
  Use: Scroll            |     3 |       ||     3
 Stab: Sleeping          |     1 |       ||     1
Armor: Skin              |     2 |     5 ||     7
Dodge: Dodged            |    27 |    31 ||    58

Table legend: (Time is in decaauts)
 A = Elapsed time spent in this place.
 B = Non-inter-level travel time spent in this place.
 C = Inter-level travel time spent in this place.
 D = Time resting spent in this place.
 E = Time spent auto-exploring this place.
 F = Levels seen in this place.
 G = Mean time per level.
                   A        B        C        D        E       F      G
               +--------+--------+--------+--------+--------+-----+--------+
         Total |   2883 |   2843 |     40 |      0 |   2502 |   3 |  961.0 |
       Dungeon |   2883 |   2843 |     40 |      0 |   2502 |   3 |  961.0 |
               +--------+--------+--------+--------+--------+-----+--------+

Top non-repeatable levels by time:
     D:1: 1284 daAuts
     D:2: 952 daAuts
     D:3: 646 daAuts
